 Dungeon Crawl Stone Soup version 0.30-a0-358-g0d69a1922f (webtiles) character file.

Game seed: 6222152489314583167

2461 ragingrage the Cleaver (level 9, -2/61 HPs)
             Began as a Demonspawn Warper on Nov 8, 2022.
             Was a Follower of Uskayaw.
             Slain by an orc warrior
             ... wielding a +0 halberd
              (12 damage)
             ... on level 6 of the Dungeon on Nov 9, 2022.
             The game lasted 00:04:35 (5731 turns).

ragingrage the Cleaver (Demonspawn Warper)          Turns: 5731, Time: 00:04:35

Health: -2/61      AC:  8    Str: 16    XL:     9   Next: 26%
Magic:  0/12       EV: 11    Int: 20    God:    Uskayaw [*.....]
Gold:   251        SH:  0    Dex: 13    Spells: 10/12 levels left

rFire   . . .      SeeInvis +    w - +2 war axe (vamp)
rCold   . . .      Faith    .    p - orb {light}
rNeg    . . .      Spirit   +    m - +3 leather armour
rPois   .          Reflect  .    (no helmet)
rElec   .          Harm     .    (no cloak)
rCorr   .          Rampage  .    (no gloves)
Will    .....                    (no boots)
Stlth   +.........               x - amulet of guardian spirit
HPRegen 0.30/turn                i - ring of see invisible
MPRegen 0.13/turn                H - +6 ring of intelligence

@: glowing, unable to drink
A: icy blue scales 1, demonic guardian 1, demonic touch 1, mutation resistance
1, inability to drink after injury 1
a: Renounce Religion, Stomp


You were on level 6 of the Dungeon.
You worshipped Uskayaw.
Uskayaw was noncommittal.
You visited 1 branch of the dungeon, and saw 6 of its levels.

You collected 251 gold pieces.

Inventory:

Hand Weapons
 l - a +0 morningstar
 w - a +2 vampiric war axe (weapon)
Missiles
 d - 4 boomerangs of dispersal
 q - 2 atropa-tipped darts
 u - a throwing net
 y - 10 poisoned darts (quivered)
Armour
 m - a +3 leather armour (worn)
 p - an orb of light (worn)
 G - the +0 ring mail of Osutos {Harm rCorr Int-5 Dex+6}
   (You found it on level 5 of the Dungeon)

   Int:       It affects your intelligence (-5).
   Dex:       It affects your dexterity (+6).
   rCorr:     It protects you from acid and corrosion.
   Harm:      It increases damage dealt and taken.
Jewellery
 i - a ring of see invisible (left hand)
 x - an amulet of guardian spirit (around neck)
 H - a +6 ring of intelligence (right hand)
Wands
 t - a wand of flame (14)
Scrolls
 a - a scroll of butterflies {unknown}
 b - 3 scrolls of poison {unknown}
 c - 2 scrolls of blinking
 e - 2 scrolls of silence {unknown}
 f - 2 scrolls of amnesia {unknown}
 h - a scroll of brand weapon {unknown}
 k - 2 scrolls of identify {unknown}
 n - 2 scrolls of fear {unknown}
 v - a scroll of torment {unknown}
 z - a scroll of noise {unknown}
 B - a scroll of vulnerability {unknown}
 C - 3 scrolls of teleportation {unknown}
 I - a scroll of magic mapping {unknown}
Potions
 o - a potion of curing
 r - 2 potions of heal wounds
 s - a potion of lignification
 A - a potion of berserk rage {unknown}
 D - a potion of flight {unknown}
 E - a potion of degeneration {unknown}
 F - 2 potions of might {unknown}


   Skills:
 - Level 2.0 Fighting
 + Level 13.8 Axes
 - Level 0.8 Throwing
 - Level 0.8 Armour
 - Level 1.7 Dodging
 - Level 2.0 Spellcasting
 - Level 4.0 Translocations


You had 10 spell levels left.
You knew the following spells:

 Your Spells              Type           Power      Damage    Failure   Level
a - Blink                 Tloc           36%        N/A       5%          2

Your spell library contained the following spells:

 Spells                   Type           Power      Damage    Failure   Level
 Gell's Gravitas          Tloc           18%        N/A       11%         3
 Lesser Beckoning         Tloc           36%        N/A       11%         3
 Teleport Other           Tloc           18%        N/A       11%         3
 Magic Dart               Conj           8%         1d3       19%         1
 Necrotise                Necr           8%         1d4       19%         1
 Shock                    Conj/Air       8%         1d3       19%         1
 Vhi's Electric Charge    Tloc/Air       20%        N/A       26%         3
 Call Imp                 Summ           2%         N/A       28%         2
 Scorch                   Fire           4%         2d5       28%         2
 Kindle Blastsparks       Fire/Tloc/Air  14%        2d11      34%         3
 Manifold Assault         Tloc           18%        N/A       36%         4
 Ignite Poison            Fire/Tmut/Pois 2%         N/A       50%         3
 Mephitic Cloud           Conj/Pois/Air  2%         N/A       50%         3
 Swiftness                Air            2%         N/A       50%         3
 Vampiric Draining        Necr           2%         2d6       50%         3
 Airstrike                Air            1%         2d(1-17)  88%         4
 Agony                    Necr           2%         N/A       99%         5
 Starburst                Conj/Fire      1%         6d3       100%        6


Dungeon Overview and Level Annotations

Branches:
Dungeon (6/15)
 Temple: D:4-7

Altars:
Kikubaaqudgha
Makhleb
Uskayaw

Annotations:
D:3 1 runed translucent door, Crazy Yiuf


Innate Abilities, Weirdness & Mutations

You are partially covered in icy blue scales. (AC +2)
A weak demonic guardian rushes to your aid.
Your touch may inflict minor irresistible damage on your foes.
You are somewhat resistant to further mutation.
You occasionally lose the ability to drink potions when taking damage.


Message History

An orc warrior is nearby!
You start waiting.
An orc is nearby!
An orc comes into view. It is wielding a +0 flail.
The orc barely misses you.
The orc shouts!
You hit the orc.
The orc is heavily wounded.
The orc closely misses you.
An orc priest comes into view. It is wielding a +2 flail of draining.
You slash the orc!
You kill the orc!
The orc warrior barely misses you.
The orc priest invokes the aid of Beogh against you.
Beogh smites you!
The orc warrior hits you with a +0 halberd!
You hit the orc warrior but do no damage.
You hit the orc warrior but do no damage.
The orc warrior hits you but does no damage.
You hit the orc warrior but do no damage.
The orc warrior hits you with a +0 halberd!
You barely miss the orc warrior.
The orc warrior hits you with a +0 halberd!
You barely miss the orc warrior.
The orc warrior hits you with a +0 halberd!
You slash the orc warrior!
You feel better.
The orc warrior is moderately wounded.
You hit the orc warrior but do no damage.
The orc warrior is moderately wounded.
The orc warrior hits you with a +0 halberd.
The orc priest mumbles some strange prayers to Beogh against you.
Beogh smites you!
You feel threatened and lose the ability to drink potions!
* * * LOW HITPOINT WARNING * * *
A demonic guardian appears!
You hear a shout!
You hit the orc warrior.
You feel better.
The orc warrior is moderately wounded.
The orc warrior hits you with a +0 halberd!
You die...

#.# #o #.# #. #.#
#. #.#
...######.#########
#.................#
#.######.###.######
######o######.# #.#
.......o@5..†.# #.#
######.##########.#
#.#..<.......#
#.##########.# #.
#.# ## ###


You could see an orc warrior (ally target), an orc priest and a friendly white
imp (summoned).

Vanquished Creatures
  Sigmund (D:3)
  4 vampire mosquitoes (D:5)
  A water moccasin (D:5)
  2 ogres (D:5)
  A necrophage (D:5)
  2 scorpions
  3 hounds
  A jelly (D:4)
  2 iguanas
  3 gnolls (D:3)
  7 adders
  A shadow imp (D:5)
  3 dart slugs
  8 orcs
  3 ball pythons
  6 endoplasms
  5 giant cockroaches
  3 goblins
  4 hobgoblins
  5 jackals (D:3)
  7 kobolds
  A quokka (D:1)
  5 bats
  3 frilled lizards
  5 rats
86 creatures vanquished.

Vanquished Creatures (collateral kills)
  A howler monkey (D:4)
  A gnoll (D:3)
  An orc (D:4)
3 creatures vanquished.

Grand Total: 89 creatures vanquished

Notes
Turn   | Place    | Note
-------+----------+-------------------------------------------
     0 | D:1      | ragingrage the Demonspawn Warper began the quest for the
                  | Orb.
     0 | D:1      | Reached XP level 1. HP: 16/16 MP: 3/3
    22 | D:1      | Reached skill level 2 in Axes
   301 | D:1      | Gained mutation: You are partially covered in icy blue
                  | scales. (AC +2) [demonic ancestry]
   301 | D:1      | Reached XP level 2. HP: 18/22 MP: 5/5
   502 | D:1      | Reached skill level 3 in Axes
  1101 | D:1      | Reached XP level 3. HP: 25/27 MP: 6/6
  1121 | D:1      | Learned a level 2 spell: Blink
  1571 | D:2      | Found a faded altar of an unknown god.
  1917 | D:3      | Found a burning altar of Makhleb.
  1950 | D:3      | Gained mutation: A weak demonic guardian rushes to your
                  | aid. [demonic ancestry]
  1950 | D:3      | Reached XP level 4. HP: 33/33 MP: 7/7
  2222 | D:3      | Noticed Sigmund
  2245 | D:3      | Killed Sigmund
  2246 | D:3      | Reached skill level 5 in Axes
  2246 | D:3      | Reached XP level 5. HP: 38/38 MP: 8/8
  2246 | D:3      | Gained mutation: Your touch may inflict minor irresistible
                  | damage on your foes. [demonic ancestry]
  2246 | D:3      | Reached XP level 6. HP: 44/44 MP: 9/9
  2339 | D:3      | Found a hide-covered altar of Uskayaw.
  2370 | D:3      | Became a worshipper of Uskayaw the Reveller
  2393 | D:3      | Found an ancient bone altar of Kikubaaqudgha.
  2508 | D:3      | Reached * piety under Uskayaw
  2561 | D:3      | Found a runed translucent door.
  2562 | D:3      | Noticed Crazy Yiuf
  2961 | D:4      | Reached ** piety under Uskayaw
  2964 | D:4      | Reached *** piety under Uskayaw
  3398 | D:4      | Reached skill level 6 in Axes
  3975 | D:5      | Entered Level 5 of the Dungeon
  3980 | D:5      | Noticed a water moccasin
  3989 | D:5      | Killed a water moccasin
  3990 | D:5      | Reached XP level 7. HP: 44/50 MP: 7/10
  3998 | D:5      | Reached **** piety under Uskayaw
  4229 | D:5      | Identified the +0 ring mail of Osutos {Harm rCorr Int-5
                  | Dex+6}
  4457 | D:5      | Reached skill level 7 in Axes
  4659 | D:5      | Reached skill level 8 in Axes
  4859 | D:5      | Got the Almanac of the Pyromaniac
  5137 | D:5      | Noticed a vampire mosquito
  5137 | D:5      | Noticed a vampire mosquito
  5137 | D:5      | Noticed a vampire mosquito
  5138 | D:5      | Noticed a vampire mosquito
  5140 | D:5      | Reached skill level 13 in Axes
  5140 | D:5      | Reached XP level 8. HP: 56/56 MP: 11/11
  5141 | D:5      | Gained mutation: You occasionally lose the ability to drink
                  | potions when taking damage. [potion of mutation]
  5141 | D:5      | Gained mutation: You are somewhat resistant to further
                  | mutation. [potion of mutation]
  5150 | D:5      | Reached XP level 9. HP: 61/61 MP: 7/12
  5163 | D:5      | Reached ***** piety under Uskayaw
  5731 | D:6      | Slain by an orc warrior

Illustrated notes

Levels and vault maps discovered:
D:1:      amcnicky_arrival_choice, layout_basic, minmay_pentomino_o2
D:2:      layout_loops_ring, shapermc_ecumenical_altar_venn
D:3:      layout_loops_ring, bloody_makhleb, mainiacjoe_overflow_alcove_1,
          nicolae_uskayaw_murder_on_the_dancefloor, dk_noncrumbling_3,
          uniq_sigmund, uniq_crazy_yiuf_cottage
D:4:      layout_gridville
D:5:      layout_gridville, minivault_5
D:6:      layout_basic, uniq_pikel

Skill      XL: |  1  2  3  4  5  6  7 |
---------------+----------------------+-----
Axes           | 2 3 5 6 13 | 13.8
Translocations | 3 4 |  4.0
Fighting       | |  2.0
Throwing       | |  0.8
Armour         | |  0.8
Dodging        | |  1.7
Spellcasting   | |  2.0

Action                   |  1- 3 |  4- 6 |  7- 9 || total
-------------------------+-------+-------+-------++-------
Melee: Hand axe          |    95 |       |       ||    95
       War axe           |     9 |    90 |    86 ||   185
Throw: Dart              |       |     3 |     6 ||     9
       Boomerang         |       |     3 |       ||     3
       Throwing net      |       |     1 |       ||     1
  Use: Potion            |       |       |     5 ||     5
 Stab: Invisible         |       |     1 |       ||     1
       Paralysed         |       |     5 |     1 ||     6
Armor: Leather armour    |    36 |    25 |    21 ||    82
       Skin              |       |       |    19 ||    19
Dodge: Dodged            |    61 |    63 |    32 ||   156
Block: Orb               |    12 |    23 |       ||    35
       Other             |     1 |       |       ||     1

Table legend: (Time is in decaauts)
 A = Elapsed time spent in this place.
 B = Non-inter-level travel time spent in this place.
 C = Inter-level travel time spent in this place.
 D = Time resting spent in this place.
 E = Time spent auto-exploring this place.
 F = Levels seen in this place.
 G = Mean time per level.
                   A        B        C        D        E       F      G
               +--------+--------+--------+--------+--------+-----+--------+
         Total |   5771 |   5387 |    384 |   1150 |   3514 |   6 |  961.8 |
       Dungeon |   5771 |   5387 |    384 |   1150 |   3514 |   6 |  961.8 |
               +--------+--------+--------+--------+--------+-----+--------+

Top non-repeatable levels by time:
     D:5: 1707 daAuts
     D:3: 1491 daAuts
     D:1: 1179 daAuts
     D:4: 718 daAuts
     D:2: 626 daAuts
     D:6: 47 daAuts
